 Dungeon Crawl Stone Soup version 0.18-a0-1415-ge9fbf7f (webtiles) character file.

57 CopycatKevin the Vexing (level 3, -3/16 HPs)
             Began as a Spriggan Enchanter on Feb 25, 2016.
             Slain by a worm (4 damage)
             ... on level 2 of the Dungeon on Feb 26, 2016.
             The game lasted 00:19:27 (1151 turns).

CopycatKevin the Vexing (Spriggan Enchanter)        Turns: 1151, Time: 00:19:28

Health: -3/16      AC:  3    Str:  4    XL:     3   Next: 73%
Magic:  8/8        EV: 18    Int: 17    God:
Gold:   31         SH:  0    Dex: 16    Spells: 2 memorised, 4 levels left

rFire  . . .     SeeInvis +     a - +1 dagger
rCold  . . .     Gourm    .     b - +1 robe
rNeg   . . .     Faith    .     (shield restricted)
rPois  .         Spirit   .     (helmet restricted)
rElec  .         Dismiss  .     (no cloak)
rCorr  .         Reflect  .     (gloves unavailable)
SustAt .         Harm     .     (boots unavailable)
MR     .....                    (no amulet)
Stlth  +++.......               (no ring)
                                (no ring)

@: lethally poisoned (-3 -> -7), very quick, not resistant to hostile
enchantments, fairly stealthy
A: unfitting armour, see invisible, herbivore 3, speed 3, slow metabolism 2
a: no special abilities


You were on level 2 of the Dungeon.
You were not hungry.

You visited 1 branch of the dungeon, and saw 3 of its levels.

You collected 31 gold pieces.

Inventory:

Hand Weapons
 a - a +1 dagger (weapon)
Armour
 b - a +1 robe (worn)
Scrolls
 f - a scroll of enchant weapon {unknown}
 g - a scroll of enchant armour {unknown}
 k - a scroll of fog {unknown}
Potions
 i - a potion of flight {unknown}
 j - a potion of heal wounds {unknown}
Books
 c - a book of Maledictions

   Spells                             Type                      Level
   a - Corona                         Hexes                        1
   b - Ensorcelled Hibernation        Hexes/Ice                    2
   c - Confuse                        Hexes                        3
   d - Tukima's Dance                 Hexes                        3
   e - Dazzling Spray                 Conjuration/Hexes            3
Comestibles
 d - a bread ration
 h - a royal jelly


   Skills:
 - Level 2.3 Short Blades
 - Level 3.0 Dodging
 - Level 4.4 Stealth
 + Level 2.9 Spellcasting
 * Level 5.0 Hexes


You had 4 spell levels left.
You knew the following spells:

 Your Spells              Type           Power        Failure   Level  Hunger
a - Corona                Hex            ###....      2%          1    None
b - Ensorcelled Hibernat  Hex/Ice        ##....       12%         2    ##.....


Dungeon Overview and Level Annotations

Branches:
Dungeon (3/15)

Altars:

Annotations:
D:3 Grinder


Innate Abilities, Weirdness & Mutations

You are tiny and cannot use many weapons and most armour.
You have supernaturally acute eyesight.
You are an herbivore.
You cover ground extremely quickly.
You need consume almost no food.


Message History

Cast which spell? (? or * to list)
You don't know that spell.
You hit the worm.
The worm is lightly wounded.
The bat misses you. The bat hits you but does no damage. The adder misses you.
The bat closely misses you. The rat bites you but does no damage.
You completely miss the worm.
The worm is lightly wounded.
The bat misses you. The bat barely misses you. The adder bites you.
* * * LOW HITPOINT WARNING * * *
The bat misses you. The worm bites you.
* * * LOW HITPOINT WARNING * * *
The adder barely misses you.
As you read the scroll labeled TEKEACK BIGI, it crumbles to dust.
You feel blessed for a moment.
It was a scroll of remove curse.
* * * LOW HITPOINT WARNING * * *
You feel sick.
The bat barely misses you. x2; The bat misses you.
The rat misses you. The adder barely misses you. The bat completely misses you.
The worm bites you.
You die...

############
##..........##
##............##
#b@w...........#
#Sr.b..........#
#..............#
##..............#
................#
.....$..........##
.............<..##
##
..........#...#####
.#
................##.#


You could see a worm, an adder, 2 bats and a rat.

Vanquished Creatures
  An adder (D:2)
  An ooze (D:1)
  2 worms (D:2)
  A dart slug (D:2)
  A giant gecko (D:2)
  5 bats
  4 giant cockroaches
  4 goblins (D:1)
  5 hobgoblins
  3 giant newts
  4 kobolds
  2 rats
33 creatures vanquished.

Notes
Turn   | Place    | Note
--------------------------------------------------------------
     0 | D:1      | CopycatKevin the Spriggan Enchanter began the quest for the Orb.
     0 | D:1      | Reached XP level 1. HP: 9/9 MP: 5/5
   116 | D:1      | Reached XP level 2. HP: 7/13 MP: 6/6
   120 | D:1      | Learned a level 2 spell: Ensorcelled Hibernation
   261 | D:1      | Reached skill level 4 in Hexes
   600 | D:2      | Reached XP level 3. HP: 16/16 MP: 2/8
   889 | D:2      | Reached skill level 5 in Hexes
  1121 | D:3      | Noticed Grinder
  1123 | D:3      | Paralysed by Grinder for 6 turns
  1147 | D:3      | Upgraded the game from 0.18-a0-1414-gcd7f35e to 0.18-a0-1415-ge9fbf7f
  1151 | D:2      | Slain by a worm

Vault maps used:
D:1:      lightli_arrival_statue_moat
D:3:      gammafunk_temple_overflow_pools, grunt_dithmenos_smoke_and_mirrors,
          uniq_sigmund, uniq_grinder

Skill      XL: |  1  2  3 |
---------------+----------+-----
Short Blades   | 2 |  2.3
Hexes          | 4 5 |  5.0
Dodging        | |  3.0
Stealth        | |  4.4
Spellcasting   | |  2.9

Action                   || total
-------------------------++-------
Melee: Dagger            ||   149
 Cast: Corona            ||     5
       Ensorcelled Hiber ||    10
  Use: Scroll            ||     1
 Stab: Sleeping          ||    13
